Map: [ESL] Data-C

Players

Serral - Winner!

  • Race: Zerg Zerg
  • Spawn Location: 3:00

LiquidClem (Clem)

  • Race: Terran Terran
  • Spawn Location: 9:00

Event: HomeStory Cup XXI

VOD

Have the link to the VOD?

Description

Time

  • Played on: July 24, 2022, 7:12 p.m.
  • Length: 14:36

All games in this series

Show
View Real Time Build Order
Export as new Build Order

Serral Zerg - Winner!

Build Orders: Hatch First 

Get SALT Encoding   

  12  0:00  Drone  
  13  0:12  Overlord  
  13  0:17  Drone  
  14  0:30  Drone  
  14  0:31  Drone  
  16  0:49  Hatchery  
  15  0:52  Drone  
  15  0:55  Drone  
  17  0:59  Drone  
  18  1:09  Extractor  
  17  1:14  Spawning Pool  
  17  1:17  Drone  
  17  1:20  Drone  
  18  1:27  Drone  
  19  1:38  Drone  
  20  1:49  Drone  
  21  2:00  Queen x2  
  25  2:01  Zergling x4  
  27  2:10  Overlord  
  27  2:11  Drone  
  28  2:24  Hatchery  
  28  2:28  Drone  
  28  2:34  Drone x3  
  30  2:39  Metabolic Boost  
  30  2:46  Queen  
  30  2:50  Overlord  
  32  2:54  Drone  
  32  2:55  Drone  
  32  2:58  Drone  
  35  3:05  Overlord  
  35  3:10  Drone x3  
  35  3:11  Drone  
  39  3:16  Queen  
  39  3:17  Drone  
  42  3:21  Drone  
  42  3:27  Queen  
  43  3:28  Drone  
  43  3:29  Drone  
  47  3:36  Queen  
  47  3:38  Overlord  
  49  3:42  Zergling x4  
  49  3:44  Drone  
  49  3:45  Drone  
  49  3:48  Drone x2  
  54  3:54  Queen  
  57  3:56  Overlord  
  57  3:59  Drone  
  57  4:01  Overlord  
  58  4:05  Queen  
  58  4:07  Drone  
  58  4:09  Drone  
  62  4:11  Drone x2  
  64  4:18  Overlord, Zergling x2  
  64  4:19  Drone x2  
  67  4:26  Zergling x4  
  67  4:31  Overlord, Lair  
  69  4:34  Extractor, Queen  
  69  4:35  Zergling x2  
  69  4:37  Zergling x2  
  73  4:38  Drone x2  
  73  4:42  Baneling Nest  
  73  4:44  Drone x3  
  73  4:45  Drone  
  77  4:47  Drone  
  77  4:51  Drone x2  
  80  4:58  Overlord  
  80  5:03  Drone  
  80  5:04  Drone x4  
  83  5:07  Drone  
  83  5:09  Queen  
  83  5:12  Drone x4, Extractor x2  
  88  5:16  Drone  
  88  5:19  Zergling x2  
  88  5:20  Drone  
  88  5:21  Drone x2  
  93  5:22  Drone  
  93  5:25  Hatchery  
  93  5:28  Evolution Chamber, Drone  
  94  5:29  Evolution Chamber, Baneling  
  94  5:30  Baneling x2  
  94  5:33  Extractor, Zergling x4  
  94  5:34  Centrifugal Hooks  
  93  5:40  Zergling x8  
  97  5:44  Overlord, Baneling x2  
  97  5:47  Overlord x2  
  97  5:49  Overlord  
  97  5:58  Hydralisk Den  
  97  6:04  Drone x7  
  97  6:06  Zerg Melee Weapons Level 1, Zerg Ground Armor Level 1  
  97  6:08  Drone x2  
  106  6:17  Drone x8, Hydralisk Den  
  113  6:21  Baneling  
  113  6:22  Baneling x2  
  113  6:23  Overlord  
  113  6:24  Zergling x4  
  112  6:33  Zergling x2  
  112  6:34  Zergling x4  
  112  6:37  Zergling x2  
  116  6:40  Queen  
  116  6:44  Zergling x12  
  124  6:47  Muscular Augments  
  124  6:49  Zergling x6  
  124  6:53  Baneling x2  
  127  6:56  Zergling x14  
  127  6:59  Overlord  
  134  7:02  Overlord x2  
  134  7:03  Overseer  
  134  7:09  Baneling, Hatchery  
  134  7:10  Baneling x7  
  134  7:11  Pneumatized Carapace  
  134  7:12  Zergling x4  
  135  7:18  Zergling x10  
  139  7:24  Zergling x2  
  139  7:25  Zergling x6  
  139  7:27  Baneling x4  
  143  7:36  Zergling x16  
  148  7:39  Baneling x4  
  148  7:40  Zergling x2  
  149  7:46  Overlord, Zergling x4  
  149  7:48  Baneling x8  
  151  7:54  Hatchery  
  151  7:56  Hydralisk x6  
  159  8:03  Zergling x16  
  151  8:07  Zergling x2  
  151  8:11  Zergling x4  
  148  8:14  Zergling x2  
  148  8:15  Zergling x4  
  150  8:20  Extractor  
  150  8:21  Infestation Pit, Zergling x6  
  151  8:31  Zergling x24  
  151  8:33  Baneling x8  
  162  8:38  Zerg Ground Armor Level 2, Zerg Melee Weapons Level 2  
  161  8:44  Zergling x14  
  166  8:54  Zergling x2  
  166  8:55  Zergling x12  
  163  9:00  Hive  
  152  9:04  Zergling x14  
  152  9:06  Baneling x8  
  152  9:08  Zergling x4  
  160  9:15  Zergling x16  
  160  9:16  Baneling x7  
  168  9:21  Zergling x8  
  168  9:22  Overlord x5  
  172  9:25  Baneling  
  172  9:26  Baneling x9  
  172  9:32  Grooved Spines  
  172  9:35  Zergling x2  
  172  9:42  Zergling x28  
  149  9:53  Zergling x28  
  149  9:56  Baneling x5  
  149  9:57  Baneling x2  
  149  9:58  Zergling x2  
  149  9:59  Zergling x4  
  154  10:11  Zergling x20  
  154  10:12  Zergling x8  
  144  10:19  Baneling x3  
  144  10:20  Baneling x2  
  140  10:22  Zergling x10  
  140  10:26  Zergling x8  
  149  10:30  Zergling x16  
  149  10:35  Baneling x2  
  156  10:38  Zergling x16  
  156  10:41  Zergling x6  
  158  10:48  Baneling  
  158  10:49  Baneling x7  
  139  10:50  Zergling x10  
  139  10:54  Adrenal Glands  
  139  10:55  Viper  
  147  11:01  Viper, Baneling x2  
  147  11:02  Hydralisk  
  147  11:03  Hydralisk x2  
  156  11:04  Overseer  
  156  11:07  Zerg Missile Weapons Level 1  
  156  11:11  Zergling x8  
  159  11:18  Zergling x12  
  166  11:22  Drone  
  166  11:23  Drone x2  
  169  11:28  Baneling x7  
  169  11:29  Baneling  
  169  11:32  Zergling x16  
  174  11:38  Drone x2  
  174  11:39  Drone  
  177  11:41  Hydralisk x3  
  181  11:52  Zergling x22  
  181  11:53  Zergling x2  
  181  12:06  Extractor, Lurker Den  
  181  12:07  Drone  
  181  12:08  Drone x2  
  182  12:10  Baneling x5  
  182  12:11  Baneling  
  182  12:12  Zergling x22  
  182  12:13  Zergling x2  
  180  12:25  Zergling x10  
  180  12:26  Zergling x16  
  176  12:41  Hydralisk, Zergling x10  
  176  12:42  Zergling x20  
  193  12:45  Drone x3  
  193  12:46  Drone  
  197  12:53  Baneling x14  
  197  12:56  Drone  
  197  13:00  Drone  
  197  13:04  Seismic Spines  
  198  13:08  Zergling x8  
  198  13:11  Baneling x2  
  192  13:31  Zergling x22  
  192  13:32  Zergling x6, Hatchery  
  192  13:39  Overlord x2  
  177  13:44  Zergling x2  
  177  13:45  Zergling x32  
Show
View Real Time Build Order
Export as new Build Order

LiquidClem Terran 

Build Orders: Hellion Opening, Reaper Expand 

Get SALT Encoding   

  12  0:00  SCV  
  13  0:12  SCV  
  14  0:16  Supply Depot  
  14  0:24  SCV  
  15  0:38  SCV  
  15  0:39  Barracks  
  16  0:42  Refinery  
  16  0:50  SCV  
  17  1:02  SCV  
  18  1:14  SCV  
  19  1:26  Orbital Command, Reaper  
  20  1:40  Command Center  
  20  1:47  Supply Depot  
  20  1:52  SCV  
  21  1:58  Marine  
  22  2:04  SCV  
  23  2:10  Factory  
  23  2:16  SCV  
  23  2:19  Barracks Reactor  
  24  2:28  SCV  
  25  2:39  Command Center  
  25  2:42  SCV  
  26  2:51  Orbital Command  
  26  2:54  SCV  
  27  3:00  Refinery  
  27  3:04  Starport  
  27  3:08  SCV  
  27  3:11  Hellion  
  30  3:15  Hellion  
  30  3:17  SCV  
  33  3:21  Barracks Tech Lab, SCV  
  34  3:29  SCV  
  34  3:33  SCV  
  38  3:34  Hellion  
  38  3:36  Hellion  
  40  3:41  SCV  
  40  3:45  SCV  
  42  3:51  Orbital Command  
  42  3:52  Raven  
  42  3:54  SCV  
  45  3:56  Hellion  
  45  3:57  SCV  
  45  3:59  Hellion  
  50  4:03  Supply Depot  
  50  4:06  SCV  
  50  4:09  SCV  
  52  4:16  SCV  
  53  4:17  Hellion  
  53  4:18  Barracks Tech Lab  
  53  4:20  SCV  
  53  4:21  Hellion, SCV  
  59  4:27  Supply Depot  
  59  4:28  SCV  
  60  4:32  SCV  
  60  4:33  SCV  
  60  4:37  Orbital Command, Barracks  
  64  4:38  Hellion  
  64  4:39  Stimpack  
  64  4:42  Hellion  
  64  4:43  Starport Reactor  
  64  4:44  Barracks, SCV  
  67  4:50  Supply Depot  
  67  4:52  SCV  
  68  4:55  Marine  
  68  4:56  SCV  
  72  5:00  Hellion  
  72  5:04  SCV  
  73  5:08  SCV  
  73  5:09  Engineering Bay x2, SCV  
  73  5:10  Refinery  
  73  5:11  Refinery  
  73  5:13  Marine  
  76  5:14  Hellion, Supply Depot  
  76  5:16  SCV  
  76  5:21  SCV x2  
  80  5:27  Supply Depot  
  80  5:28  SCV  
  82  5:33  SCV, Starport Reactor  
  82  5:34  Supply Depot, SCV, Marine  
  85  5:36  Terran Infantry Armor Level 1, Terran Infantry Weapons Level 1  
  85  5:40  SCV  
  85  5:42  Marine x4  
  90  5:45  SCV  
  90  5:46  SCV  
  90  5:49  Siege Tank  
  95  5:50  Supply Depot  
  95  5:52  SCV  
  95  5:55  Barracks  
  96  5:57  Barracks, SCV  
  96  6:00  SCV  
  96  6:02  Bunker, Supply Depot, Marine x2  
  96  6:03  Marine x2  
  102  6:05  Marine  
  102  6:10  Medivac  
  105  6:13  Medivac  
  105  6:14  SCV  
  105  6:15  SCV  
  105  6:17  SCV  
  105  6:18  Refinery, Combat Shield  
  108  6:20  Marine x2  
  108  6:21  Marine x2  
  108  6:23  Supply Depot  
  112  6:26  SCV  
  112  6:27  SCV, Marine  
  112  6:29  SCV  
  110  6:34  Siege Tank  
  110  6:38  SCV, Marine x2  
  110  6:39  SCV  
  117  6:40  Marine x2  
  117  6:41  Factory  
  117  6:44  Medivac  
  117  6:45  Marine  
  122  6:50  Barracks Reactor x2  
  122  6:52  Command Center  
  122  6:56  Marine  
  122  6:58  Supply Depot  
  122  6:59  Marine  
  124  7:02  SCV x2  
  124  7:03  SCV, Sensor Tower  
  124  7:06  Marine  
  124  7:07  Medivac  
  130  7:09  Marine  
  130  7:10  Supply Depot  
  131  7:15  Siege Tank  
  131  7:18  Marine x2  
  131  7:19  Marine  
  134  7:23  Armory, Marine  
  134  7:26  Marine, Supply Depot  
  134  7:27  Supply Depot  
  134  7:28  Marine  
  134  7:29  Marine x3  
  140  7:33  Factory Tech Lab  
  140  7:41  Bunker, Marine x4  
  144  7:44  Marine  
  144  7:45  Marine  
  144  7:47  Medivac  
  144  7:48  Medivac  
  150  7:51  Supply Depot  
  150  7:52  Siege Tank  
  150  7:53  Marine x2  
  150  7:55  Marine  
  155  7:59  Marine x3  
  155  8:01  SCV x2  
  151  8:06  Marine  
  151  8:08  Marine x2  
  151  8:10  Siege Tank  
  151  8:11  Marine  
  158  8:14  Marine  
  158  8:15  Marine  
  158  8:17  Marine x2  
  162  8:23  Barracks x2  
  162  8:25  SCV  
  162  8:26  Barracks  
  163  8:28  SCV  
  163  8:29  Planetary Fortress  
  163  8:31  SCV  
  163  8:33  Marine  
  157  8:36  Marine  
  157  8:37  SCV, Marine  
  157  8:40  SCV  
  157  8:46  Siege Tank x2  
  157  8:47  Marine x2  
  165  8:52  Marine  
  157  8:57  Medivac  
  157  8:58  Marine x6  
  145  9:04  Marine  
  145  9:05  Terran Infantry Weapons Level 2, Marine  
  147  9:10  SCV  
  147  9:12  Refinery x2  
  147  9:15  Barracks Tech Lab  
  147  9:16  Barracks Tech Lab  
  148  9:19  SCV  
  148  9:23  Marine x2, Marauder  
  153  9:24  Marine  
  153  9:27  Barracks Tech Lab  
  153  9:28  SCV  
  153  9:30  Marine  
  156  9:31  Siege Tank  
  156  9:36  Marine x6  
  165  9:41  Marine  
  165  9:44  SCV  
  165  9:46  SCV  
  165  9:47  Siege Tank, Marine  
  165  9:52  Marine x2  
  139  9:54  SCV  
  139  9:56  SCV  
  141  10:01  Marine x4  
  141  10:02  Medivac  
  141  10:03  Siege Tank  
  146  10:07  Marine  
  146  10:09  Marine x2  
  146  10:11  Medivac  
  146  10:12  Marine  
  146  10:13  Marine  
  143  10:14  Marine  
  143  10:15  Marine  
  143  10:16  Marine  
  143  10:19  Marine x2  
  147  10:22  Siege Tank, Marine x2  
  147  10:25  Marine  
  147  10:26  SCV  
  147  10:27  SCV x2, Marine x2  
  147  10:28  SCV  
  157  10:30  Marine  
  157  10:32  Marine, Medivac  
  158  10:35  Siege Tank, Marine  
  158  10:38  SCV  
  158  10:39  SCV x2  
  158  10:40  SCV  
  158  10:41  Medivac  
  157  10:49  Marine  
  135  10:51  SCV x2, Marine x3  
  135  10:53  SCV x2  
  135  10:55  Marauder, Command Center  
  145  10:57  Marine x3  
  145  10:58  Marauder x2  
  145  10:59  Marine x2  
  145  11:02  Medivac  
  145  11:03  SCV  
  157  11:04  Siege Tank  
  157  11:05  SCV  
  157  11:07  SCV x2, Marine  
  157  11:08  Marine  
  157  11:10  Marine  
  166  11:15  SCV, Siege Tank  
  166  11:17  SCV  
  171  11:19  Marine  
  172  11:26  Marine  
  172  11:28  Marine  
  172  11:29  Marine  
  172  11:32  Marauder x2  
  179  11:33  Supply Depot  
  179  11:35  Marine x2, Marauder x2  
  179  11:36  Siege Tank  
  188  11:42  Terran Infantry Armor Level 2, Supply Depot  
  188  11:50  SCV  
  188  11:51  Siege Tank, Marine  
  175  12:00  Marine x2  
  175  12:01  Marauder x2  
  181  12:04  Marauder x2  
  181  12:05  Marine x3  
  181  12:06  Marine x2  
  189  12:08  Siege Tank  
  189  12:09  SCV  
  189  12:14  Marine  
  191  12:18  Marine x2  
  191  12:19  Medivac  
  191  12:22  Marine, Marauder x2  
  187  12:23  Siege Tank, Marine x3  
  187  12:24  Marine  
  187  12:25  Marine x2  
  187  12:26  Medivac  
  157  12:31  Refinery, Marine  
  157  12:36  Marine x2  
  154  12:38  Planetary Fortress  
  154  12:40  Siege Tank, Marine x2  
  154  12:41  Marine  
  154  12:43  SCV  
  159  12:47  Marine x6  
  159  12:49  Marine, Medivac  
  164  12:53  Refinery  
  164  12:54  Marine  
  165  12:58  Siege Tank  
  165  12:59  Marine  
  165  13:02  Marine, Medivac  
  165  13:03  Marine  
  172  13:05  Marauder  
  172  13:06  Marine  
  172  13:07  Marine x2  
  172  13:12  Siege Tank, Marine, Marauder  
  173  13:22  Medivac  
  173  13:23  Marine  
  163  13:30  Marine  
  163  13:31  Marine x2, Widow Mine  
  163  13:32  Medivac  
  133  13:35  Marine  
  133  13:36  Marine x4  
  133  13:37  Marine, Marauder  
  139  13:43  Marine  
  139  13:44  Siege Tank  
Tags
 
Add a new tag
Caveats
  • Supply blocks, unpowered buildings, or Contaminate may cause inaccurate times.
  • Supply counts are checked every 10 seconds.